 Dungeon Crawl Stone Soup version 0.17-a0-968-gf8e1f1d (webtiles) character file.

2517 laxity the Arsonist (level 9, -4/75 HPs)
             Began as a Deep Elf Fire Elementalist on May 9, 2015.
             Was a Follower of Vehumet.
             Killed from afar by a fire drake (6 damage)
             ... with a blast of flame
             ... on level 8 of the Dungeon.
             The game lasted 00:19:44 (8690 turns).

laxity the Arsonist (Deep Elf Fire Elementalist)    Turns: 8690, Time: 00:19:44

Health: -4/75      AC: 24    Str:  5    XL:     9   Next: 29%
Magic:  4/22       EV:  2    Int: 29    God:    Vehumet [*.....]
Gold:   441        SH:  0    Dex: 15    Spells: 5 memorised, 7 levels left

rFire  . . .     SeeInvis .     q - -2 dagger (curse)
rCold  + . .     Clarity  .     (armour currently unavailable)
rNeg   + + +     SustAb   .     (no shield)
rPois  +         Gourm    .     (helmet currently unavailable)
rElec  .         Spirit   .     (cloak currently unavailable)
rCorr  .         Warding  .     (gloves currently unavailable)
rMut   .         NoTele   +     (boots currently unavailable)
MR     .....                    (no amulet)
Stlth  +++.......               Q - ring of protection from cold
                                o - ring of wizardry

@: brilliant, tree-form, very slightly contaminated, hasted, very quick, not
resistant to hostile enchantments, fairly stealthy
A: no striking features
a: Renounce Religion


You were on level 8 of the Dungeon.
You worshipped Vehumet.
Vehumet was aware of your devotion.
You were not hungry.
You were a tree.
You visited 2 branches of the dungeon, and saw 9 of its levels.

You collected 441 gold pieces.

Inventory:

Hand weapons
 q - a cursed -2 dagger (weapon)
 I - a +2 dagger of electrocution
 M - a +3 quarterstaff of chaos
 R - a +1 dagger of venom
Armour
 a - a +0 robe (melded)
 h - a +0 pair of boots (melded)
 j - a +0 buckler
 k - a +2 helmet (melded)
 E - a cursed -2 pair of gloves (melded)
 N - a +0 cloak (melded)
 P - a +1 pair of gloves of strength
Jewellery
 o - a ring of wizardry (left branch)
 Q - a ring of protection from cold (right branch)
Magical devices
 x - a wand of enslavement (10)
 y - a wand of magic darts (27)
 O - a wand of hasting (0)
 V - a wand of magic darts (27)
Scrolls
 e - 3 scrolls of remove curse {unknown}
 f - 7 scrolls of identify
 g - 2 scrolls of recharging
 i - a scroll of teleportation
 p - 2 scrolls of immolation
 r - a scroll of amnesia {unknown}
 s - a scroll of blinking {unknown}
 v - a scroll of enchant armour
 B - a scroll of fear {unknown}
 C - a scroll of noise {unknown}
 F - a scroll of random uselessness {unknown}
 G - a scroll of magic mapping {unknown}
 S - a scroll of torment {unknown}
Potions
 b - a potion of haste {unknown}
 d - a potion of heal wounds {unknown}
 l - a potion of might {unknown}
 m - 2 potions of brilliance
 n - 2 potions of lignification
 u - 3 potions of invisibility {unknown}
 w - 2 potions of curing {unknown}
 z - 2 potions of flight
 J - a potion of cure mutation {unknown}
 K - a potion of mutation {unknown}
 L - a potion of agility {unknown}
 U - a potion of ambrosia {unknown}
Comestibles
 c - 2 bread rations
 t - a slice of pizza
 A - a royal jelly
 D - 2 beef jerkies
 H - 3 meat rations
 W - 24 fruits


   Skills:
 + Level 3.1 Fighting
 * Level 6.0 Short Blades
 - Level 2.4 Dodging
 - Level 2.4 Stealth
 + Level 7.4 Spellcasting
 + Level 5.7 Conjurations
 * Level 8.4 Fire Magic


You had 7 spell levels left.
You knew the following spells:

 Your Spells              Type           Power        Failure   Level  Hunger
a - Flame Tongue          Conj/Fire      #####        1%          1    None
b - Throw Flame           Conj/Fire      ######       1%          2    None
c - Conjure Flame         Conj/Fire      ######..     1%          3    None
d - Sticky Flame          Conj/Fire      ######..     1%          4    ##.....
e - Fireball              Conj/Fire      ######....   1%          5    ####...


Dungeon Overview and Level Annotations

Branches:
Dungeon (8/15)             Temple (1/1) D:7            Lair (0/8) D:8

Altars:
Ashenzari
Cheibriados
Dithmenos
Elyvilon
Fedhas
Gozag
Kikubaaqudgha
Makhleb
Nemelex Xobeh
Okawaru
Qazlal
Ru
Sif Muna
Trog
Vehumet
Xom
Yredelemnul
Zin
The Shining One

Shops:
D:6 [   D:7 *   D:8 (


Message History

You closely miss the fire drake.
The fire drake is severely wounded.
Drink which item? (? for menu, Esc to quit)
Okay, then.
Drink which item? (? for menu, Esc to quit)
Okay, then.
Read which item? (? for menu, Esc to quit)
Okay, then.
You hit the fire drake but do no damage.
The fire drake is severely wounded.
The fire drake burns!
The fire drake bites you but does no damage.
You hit the fire drake but do no damage.
The fire drake is severely wounded.
You hit the fire drake.
The fire drake is severely wounded.
The fire drake burns!
The fire drake breathes flames at you. The blast of flame hits you!
You die...

.........# #......(..
.####...## ##
#####.###.###. .#
#...# #..
.............. ..
#...#####.##
#######.#.#.###. .##
#...........
..........#..... .#
#.........##
######.#####>## .#
##..#####.# #.# #.#
.## #..##
#.##########.# #.#
(...##...#
#..k♣........# ##.##
#....<#...#
#.############ ##.#.#
...#.###.#.##.#
###.###. [#.#.
#....§....)... #..##
#.
...#.####..##.#######
#.#.###.
...##.###.###.#
#.#.##.#..
..........( ...
........... ....(...
###.# ##.#.####†#
....# # #.#
#.........


You could see a fire drake (burning).

Vanquished Creatures
  Psyche (D:8)
  Eustachio (D:5)
  A sky beast (D:8)
  2 phantoms
  3 ogres
  An ice beast (D:5)
  A centaur (D:6)
  A big kobold (D:8)
  4 giant frogs
  A scorpion (D:4)
  A jelly (D:6)
  4 hounds
  4 orc priests
  Crazy Yiuf (D:5)
  Ijyb (D:2)
  A centaur skeleton (D:5)
  3 worker ants
  A giant frog skeleton (D:7)
  3 iguanas
  5 orc wizards
  3 hound skeletons
  A worker ant zombie (D:7)
  7 adders
  3 shadow imps
  2 adder zombies (D:5)
  4 worms
  5 giant geckos
  19 orcs
  2 ball pythons
  15 bats
  A bat skeleton (D:6)
  A bat zombie (D:5)
  6 giant cockroaches
  9 hobgoblins
  5 jackals
  12 kobolds
  5 quokkas
  3 giant newts
  26 goblins
  A jackal skeleton (D:8)
  18 rats
  A ballistomycete (D:4)
189 creatures vanquished.

Vanquished Creatures (others)
  A giant spore (D:4)
1 creature vanquished.

Grand Total: 190 creatures vanquished

Notes
Turn   | Place    | Note
--------------------------------------------------------------
     0 | D:1      | laxity, the Deep Elf Fire Elementalist, began the quest for the Orb.
     0 | D:1      | Reached XP level 1. HP: 10/10 MP: 6/6
   315 | D:1      | Reached XP level 2. HP: 15/15 MP: 4/8
   319 | D:1      | Learned a level 2 spell: Throw Flame
   869 | D:1      | Reached skill level 4 in Fire Magic
   895 | D:1      | Reached XP level 3. HP: 19/19 MP: 7/10
  1971 | D:2      | Learned a level 3 spell: Conjure Flame
  1982 | D:2      | Noticed Ijyb
  2002 | D:2      | Killed Ijyb
  2002 | D:2      | Reached XP level 4. HP: 20/24 MP: 3/12
  3018 | D:4      | Reached skill level 5 in Fire Magic
  3018 | D:4      | Reached XP level 5. HP: 28/28 MP: 1/13
  3350 | D:4      | Reached skill level 1 in Short Blades
  3356 | D:4      | Learned a level 4 spell: Sticky Flame
  3939 | D:4      | Noticed a phantom
  3949 | D:4      | Killed a phantom
  3949 | D:4      | Reached skill level 5 in Spellcasting
  3949 | D:4      | Reached XP level 6. HP: 32/32 MP: 3/15
  4391 | D:4      | Learned a level 5 spell: Fireball
  4397 | D:5      | Entered Level 5 of the Dungeon
  4541 | D:5      | Noticed Eustachio
  4567 | D:5      | Killed Eustachio
  4567 | D:5      | Reached skill level 6 in Fire Magic
  4656 | D:5      | Reached XP level 7. HP: 36/36 MP: 8/16
  4894 | D:5      | Reached skill level 1 in Fighting
  5069 | D:5      | Found a glowing golden altar of the Shining One.
  5557 | D:5      | Noticed Crazy Yiuf
  5569 | D:5      | Killed Crazy Yiuf
  5827 | D:6      | Reached XP level 8. HP: 43/43 MP: 14/19
  5853 | D:6      | Reached skill level 7 in Fire Magic
  6016 | D:6      | Found Iphuc's Armour Emporium.
  6367 | D:6      | Found an iron altar of Okawaru.
  6367 | D:6      | Found a snail-covered altar of Cheibriados.
  6561 | D:7      | Found a staircase to the Ecumenical Temple.
  6597 | Temple   | Entered the Ecumenical Temple
  6694 | Temple   | Became a worshipper of Vehumet
  6896 | D:7      | Found a white marble altar of Elyvilon.
  7134 | D:7      | Found Zestre Zeir's General Store.
  7364 | D:7      | Reached skill level 5 in Conjurations
  7527 | D:8      | Acquired Vehumet's first power
  7527 | D:8      | Offered knowledge of Sandblast by Vehumet.
  7529 | D:8      | Reached skill level 5 in Short Blades
  7914 | D:8      | Found Venenuv's Antique Weapon Shop.
  8081 | D:8      | Noticed a fire drake
  8082 | D:8      | Found a staircase to the Lair.
  8352 | D:8      | Noticed Psyche
  8362 | D:8      | Killed Psyche
  8362 | D:8      | Reached skill level 8 in Fire Magic
  8362 | D:8      | Reached XP level 9. HP: 27/49 MP: 6/21
  8684 | D:8      | HP: 1/50 [fire drake/blast of flame (12)]
  8690 | D:8      | Killed from afar by a fire drake

Action                   |  1- 3 |  4- 6 |  7- 9 || total
-------------------------+-------+-------+-------++-------
Melee: Unarmed           |     7 |       |       ||     7
       Dagger            |     5 |    27 |    28 ||    60
 Cast: Flame Tongue      |    78 |    96 |   123 ||   297
       Throw Flame       |    14 |    31 |   101 ||   146
       Sticky Flame      |       |     1 |    10 ||    11
       Conjure Flame     |       |       |     2 ||     2
Evoke: Wand              |       |       |     8 ||     8
  Use: Scroll            |       |     5 |     3 ||     8
       Potion            |       |       |     2 ||     2
  Eat: Chunk             |     3 |     9 |    13 ||    25
